 Dungeon Crawl Stone Soup version 0.26-a0-1213-gd52f5182fe (webtiles) character file.

Game seed: 4733737568527255021

238 sokol815 the Sneak (level 6, 0/57 HPs)
             Began as an Octopode Artificer on Dec 31, 2020.
             Succumbed to a worker ant's poison
             ... on level 4 of the Dungeon.
             The game lasted 00:07:15 (4842 turns).

sokol815 the Sneak (Octopode Artificer)             Turns: 4842, Time: 00:07:15

Health: 0/57       AC: 23    Str: 12    XL:     6   Next: 7%
Magic:  3/6        EV:  2    Int: 14    God:
Gold:   163        SH:  0    Dex: 13    Spells: 5/5 levels left

rFire    . . .     SeeInvis .   a - +1 trident (vamp)
rCold    . . .     Faith    .   (no shield)
rNeg     + + +     Spirit   +   (helmet currently unavailable)
rPois    +         Reflect  .   n - amulet of guardian spirit {Spirit}
rElec    .         Harm     .   (no ring)
rCorr    .         Rampage  .   (no ring)
Will     .....     NoTele   +   (no ring)
Stlth    +++.......             (no ring)
HPRegen  0.00/turn              (no ring)
MPRegen  0.10/turn              (no ring)
                                (no ring)
                                (no ring)

@: lethally poisoned (0 -> -3), tree-form
A: almost no armour, stealthy swim, (amphibious), 8 rings, (constrict 8),
inhibited regeneration
a: no special abilities


You were on level 4 of the Dungeon.
You were a tree.
You visited 1 branch of the dungeon, and saw 4 of its levels.

You collected 174 gold pieces.
You spent 11 gold pieces at shops.

Inventory:

Hand Weapons
 a - a +1 vampiric trident (weapon)
   (You took it off an orc on level 3 of the Dungeon)
 e - a +0 club
 s - a +0 dagger
   (You took it off a goblin on level 1 of the Dungeon)
Missiles
 f - 151 stones
 j - 17 bolts
 r - 8 datura-tipped darts
Jewellery
 n - an amulet of guardian spirit (around neck) {Spirit}
   (You found it on level 2 of the Dungeon)
Wands
 b - a wand of flame (14)
 c - a wand of enslavement (13)
 d - a wand of random effects (12)
Scrolls
 i - a scroll of identify
 l - a scroll of remove curse
Potions
 h - 2 potions of brilliance
 m - a potion of lignification {!q}
 o - a potion of haste {unknown}


   Skills:
 - Level 1.0 Fighting
 - Level 3.4 Short Blades
 * Level 1.1 Polearms
 - Level 2.3 Dodging
 + Level 6.2 Stealth
 - Level 3.2 Evocations


You had 5 spell levels left.
You didn't know any spells.
Your spell library was empty.

Dungeon Overview and Level Annotations

Branches:
Dungeon (4/15)
 Temple: D:4-7

Altars:

Shops:
D:4 !


Innate Abilities, Weirdness & Mutations

You cannot wear most types of armour.
You are very stealthy in the water. (Stealth+)
((You are amphibious.))
You can wear up to eight rings at the same time.
((You can use your tentacles to constrict eight enemies at once.))
((Your skin changes colour to match your surroundings (Stealth+).))
((Your rubbery body absorbs attacks. (AC +1, EV +1)))
((You have a pair of small antennae on your head.))
You do not regenerate when monsters are visible.


Message History

You feel sick.
You take 1 damage, and have 11/38 hp.
* * * LOW HITPOINT WARNING * * *
You feel sick. The adder barely misses you.
You take 1 damage, and have 10/38 hp.
Reach: a) +1 trident (vamp)
Aim: an adder You hit the adder.
Your grab misses the adder.
* * * LOW HITPOINT WARNING * * *
You feel sick. The adder bites you.
* * * LOW HITPOINT WARNING * * *
You take 3 damage, and have 7/38 hp.
Reach: a) +1 trident (vamp)
Aim: an adder (heavily wounded)
You hit the adder.
You feel better.
You grab the adder. You constrict the adder.
* * * LOW HITPOINT WARNING * * *
You feel sick. The adder bites you but does no damage. The adder bites you.
* * * LOW HITPOINT WARNING * * *
You take 1 damage, and have 6/38 hp.
You now have 3/6 mp.
Reach: a) +1 trident (vamp)
Aim: an adder (almost dead, constricted by you)
You puncture the adder!
You feel better.
You kill the adder!
* * * LOW HITPOINT WARNING * * *
You feel sick. The jackal closely misses you.
Your Polearms skill increases to level 1!
Reach: a) +1 trident (vamp)
Aim: a jackal You barely miss the jackal.
Your grab misses the jackal.
* * * LOW HITPOINT WARNING * * *
You feel sick. The jackal bites you.
* * * LOW HITPOINT WARNING * * *
You take 2 damage, and have 5/38 hp.
Reach: a) +1 trident (vamp)
Aim: a jackal You barely miss the jackal.
Your grab misses the jackal. The jackal barely misses you.
The jackal closely misses you.
Reach: a) +1 trident (vamp)
Aim: a jackal You hit the jackal but do no damage.
Your grab misses the jackal. You squeeze the jackal.
You kill the jackal!
* * * LOW HITPOINT WARNING * * *
You feel sick.
You take 1 damage, and have 5/38 hp.
Reach: a) +1 trident (vamp)
Aim: a worker ant (moderately wounded)
You closely miss the worker ant. You grab the worker ant.
You constrict the worker ant.
* * * LOW HITPOINT WARNING * * *
You feel sick.
The worker ant bites you but does no damage.
The worker ant barely misses you.
You take 1 damage, and have 4/38 hp.
It was a potion of mutation.
You feel extremely strange.
Your regeneration stops near monsters.
A pair of antennae grows on your head!
You constrict the worker ant, but do no damage.
The worker ant completely misses you.
Really quaff
m - 2 potions of lignification {!q}?
Really quaff the potion of lignification?
You turn into a tree.
Your roots penetrate the ground.
You lose your grip on the worker ant.
* * * LOW HITPOINT WARNING * * *
You feel sick.
The worker ant bites you but does no damage.
You now have 5/57 hp.
You hit the worker ant but do no damage.
The worker ant bites you but does no damage. x2
You hit the worker ant but do no damage.
* * * LOW HITPOINT WARNING * * *
You feel sick.
The worker ant bites you but does no damage.
You take 1 damage, and have 4/57 hp.
You hit the worker ant but do no damage.
The worker ant bites you but does no damage. x2
You closely miss the worker ant.
* * * LOW HITPOINT WARNING * * *
You feel sick.
The worker ant bites you but does no damage.
You take 1 damage, and have 3/57 hp.
You puncture the worker ant!
You feel better.
The worker ant bites you but does no damage. x2
You regained 2 hp, and now have 5/57 hp.
You hit the worker ant but do no damage.
* * * LOW HITPOINT WARNING * * *
You feel sick.
The worker ant bites you but does no damage.
You take 1 damage, and have 4/57 hp.
You barely miss the worker ant.
The worker ant bites you but does no damage.
The worker ant bites you.
* * * LOW HITPOINT WARNING * * *
You take 3 damage, and have 1/57 hp.
You now have 2/6 mp.
You hit the worker ant.
The worker ant bites you but does no damage.
You barely miss the worker ant.
The worker ant bites you but does no damage. x2
You hit the worker ant but do no damage.
You die...

### #####.## ###
##..#...## ###.#
#...#....# #♣##...#
.$.....######....... #
#. #.....##[.#♣∩♣...<.
..#. #♣#.....>...††....
..... #B##.......♣......
#....##..#.#............
...........##..##.......
##..##.....##.###..#...#
##..##...#....# #..##..#
........##..............
.........##.#..###......
..[.#......#..#...# ...


You could see a worker ant.

Vanquished Creatures
  An ogre (D:3)
  4 adders
  4 worms
  4 dart slugs
  5 leopard geckos
  6 orcs
  2 ball pythons
  5 bats (D:1)
  4 giant cockroaches (D:2)
  10 hobgoblins
  9 jackals
  2 quokkas
  5 frilled lizards
  9 goblins
  7 kobolds
  9 rats
86 creatures vanquished.

Vanquished Creatures (collateral kills)
  2 bats (D:1)
2 creatures vanquished.

Vanquished Creatures (others)
  A jackal (D:1)
1 creature vanquished.

Grand Total: 89 creatures vanquished

Notes
Turn   | Place    | Note
-------+----------+-------------------------------------------
     0 | D:1      | sokol815 the Octopode Artificer began the quest for the
                  | Orb.
     0 | D:1      | Reached XP level 1. HP: 13/13 MP: 1/1
    19 | D:1      | Reached skill level 2 in Stealth
   252 | D:1      | HP: 3/13 [jackal (3)]
   260 | D:1      | Reached XP level 2. HP: 4/18 MP: 2/2
   261 | D:1      | Reached skill level 3 in Stealth
   261 | D:1      | HP: 4/18 [jackal (1)]
   262 | D:1      | HP: 1/18 [jackal (3)]
   968 | D:1      | Reached skill level 4 in Stealth
   972 | D:1      | Reached XP level 3. HP: 17/23 MP: 3/3
  1989 | D:2      | Reached skill level 1 in Short Blades
  2046 | D:2      | Reached skill level 5 in Stealth
  2046 | D:2      | Reached XP level 4. HP: 26/28 MP: 4/4
  2210 | D:2      | HP: 7/28 [poisoned by an adder]
  2217 | D:2      | HP: 4/28 [poisoned by an adder]
  2224 | D:2      | HP: 3/28 [poisoned by an adder]
  2232 | D:2      | HP: 2/28 [poisoned by an adder]
  3019 | D:2      | Reached skill level 2 in Short Blades
  3261 | D:3      | Noticed an ogre
  3590 | D:3      | Killed an ogre
  3591 | D:3      | Reached skill level 3 in Short Blades
  3591 | D:3      | Reached XP level 5. HP: 33/33 MP: 5/5
  3595 | D:3      | Reached skill level 6 in Stealth
  4321 | D:3      | HP: 7/33 [orc/+0 mace (6)]
  4589 | D:3      | Reached XP level 6. HP: 20/38 MP: 2/6
  4784 | D:4      | Found Pamezom's Distillery.
  4799 | D:4      | Bought a potion of degeneration for 11 gold pieces
  4824 | D:4      | HP: 8/38 [poisoned by a worker ant]
  4827 | D:4      | Reached skill level 1 in Polearms
  4829 | D:4      | HP: 5/38 [poisoned by a worker ant]
  4831 | D:4      | Gained mutation: You do not regenerate when monsters are
                  | visible. [potion of mutation]
  4831 | D:4      | Gained mutation: You have a pair of small antennae on your
                  | head. [potion of mutation]
  4834 | D:4      | HP: 4/57 [poisoned by a worker ant]
  4839 | D:4      | HP: 1/57 [worker ant (3)]
  4842 | D:4      | Succumbed to a worker ant's poison

Illustrated notes

Levels and vault maps discovered:
D:1:      dpeg_arrival_simpleton_a, layout_basic
D:2:      layout_basic
D:3:      layout_basic
D:4:      layout_cave_pools, led_sif_book, serial_shops, kennysheep_mini,
          nicolae_shop_trees

Skill      XL: |  1  2  3  4  5  6 |
---------------+-------------------+-----
Stealth        | 2 4 5 6 |  6.2
Short Blades   | 1 3 |  3.4
Polearms       | 1 |  1.1
Fighting       | |  1.0
Dodging        | |  2.3
Evocations     | |  3.2

Action                   |  1- 3 |  4- 6 || total
-------------------------+-------+-------++-------
Melee: Club              |    25 |       ||    25
       Constrict         |    19 |    31 ||    50
       Tentacles         |     8 |    23 ||    31
       Dagger            |    50 |    86 ||   136
       Trident           |       |    58 ||    58
Throw: Stone             |    11 |       ||    11
Evoke: Wand              |     2 |     4 ||     6
  Use: Scroll            |       |     8 ||     8
       Potion            |       |     3 ||     3
 Stab: Sleeping          |    12 |    11 ||    23
Armor: Skin              |     9 |    21 ||    30
Dodge: Dodged            |    46 |    88 ||   134

Table legend: (Time is in decaauts)
 A = Elapsed time spent in this place.
 B = Non-inter-level travel time spent in this place.
 C = Inter-level travel time spent in this place.
 D = Time resting spent in this place.
 E = Time spent auto-exploring this place.
 F = Levels seen in this place.
 G = Mean time per level.
                   A        B        C        D        E       F      G
               +--------+--------+--------+--------+--------+-----+--------+
         Total |   4860 |   4607 |    253 |   1392 |   2534 |   4 | 1215.0 |
       Dungeon |   4860 |   4607 |    253 |   1392 |   2534 |   4 | 1215.0 |
               +--------+--------+--------+--------+--------+-----+--------+

Top non-repeatable levels by time:
     D:2: 1756 daAuts
     D:3: 1518 daAuts
     D:1: 1484 daAuts
     D:4: 101 daAuts

Table legend:
 A = Kills in this place as a percentage of kills in entire the game.
 B = Kills by you in this place as a percentage of kills by you in the entire game.
 C = Kills by friends in this place as a percentage of kills by friends in the entire game.
 D = Other kills in this place as a percentage of other kills in the entire game.
 E = Experience gained in this place as a percentage of experience gained in the entire game.
 F = Experience gained in this place divided by the number of levels of this place that you have seen.
                   A       B       C       D       E      F
               +-------+-------+-------+-------+-------+----------------------
         Total | 100.0 | 100.0 | 100.0 | 100.0 | 100.0 |  85.2
       Dungeon | 100.0 | 100.0 | 100.0 | 100.0 | 100.0 |  85.2
               +-------+-------+-------+-------+-------+----------------------
